 Dungeon Sprint DCSS version 0.23.0-3-gf3c87f2 (webtiles) character file.

Game seed: 3948267956935119171

21 nuthulu the Shield-Bearer (level 2, -8/19 HPs)
             Began as a Gargoyle Fighter on Feb 24, 2019.
             Was an Initiate of Okawaru.
             Killed from afar by a deep elf mage (24 damage)
             ... with an orb of energy
             ... in the Dungeon (Sprint VII: "The Pits").
             The game lasted 00:00:34 (294 turns).

nuthulu the Shield-Bearer (Gargoyle Fighter)         Turns: 294, Time: 00:00:34

Health: -8/19      AC:  9    Str: 19    XL:     2   Next: 83%
Magic:  2/2        EV:  7    Int:  8    God:    Okawaru [......]
Gold:   0          SH:  9    Dex:  9    Spells: 1/1 levels left

rFire    . . .     SeeInvis .   a - +0 flail
rCold    . . .     Gourm    .   c - +0 shield
rNeg     + . .     Faith    .   b - +0 scale mail
rPois    ∞         Spirit   .   (no helmet)
rElec    +         Reflect  .   (no cloak)
rCorr    .         Harm     .   (no gloves)
MR       .....     NoTele   +   (no boots)
Stlth    ..........             (no amulet)
HPRegen  0.06/turn              (no ring)
MPRegen  0.08/turn              (no ring)

@: no status effects
A: negative energy resistance 1, electricity resistance, unbreathing,
petrification resistance, rot immunity, AC +2
a: Renounce Religion


You were in the Dungeon.
You worshipped Okawaru.
Okawaru was noncommittal.
You were not hungry.

You visited 1 branch

Inventory:

Hand Weapons
 a - a +0 flail (weapon)
Armour
 b - a +0 scale mail (worn)
 c - a +0 shield (worn)
Scrolls
 k - a scroll of blinking
 m - 3 scrolls of remove curse
 n - 5 scrolls of amnesia
 o - a scroll of summoning
Potions
 d - a potion of might
 e - a potion of curing
 g - a potion of heal wounds
 h - a potion of haste
 i - 4 potions of magic
 j - 3 potions of berserk rage
 l - 2 potions of invisibility
Comestibles
 f - 9 rations
 p - 2 chunks of flesh


   Skills:
 - Level 3.2 Fighting
 + Level 4.2 Maces & Flails
 - Level 3.2 Armour
 + Level 5.3 Shields


You had one spell level left.
You didn't know any spells.
Your spell library was empty.

Dungeon Overview and Level Annotations

Branches:
Dungeon (1/1)

Altars:
Ashenzari
Cheibriados
Dithmenos
Elyvilon
Fedhas
Gozag
Hepliaklqana
Kikubaaqudgha
Makhleb
Nemelex Xobeh
Okawaru
Qazlal
Ru
Sif Muna
Trog
Uskayaw
Vehumet
Wu Jian
Xom
Yredelemnul
Zin
The Shining One
Beogh
Jiyva
Lugonu


Innate Abilities, Weirdness & Mutations

You are resistant to torment.
Your stone body is resilient. (AC +2)
You are immune to poison.
You resist negative energy. (rN+)
You are resistant to electric shocks. (rElec)
You can survive without breathing.
You are immune to petrification.
You are immune to rotting.


Message History

Your shield and scale mail prevent you from hitting the worker ant.
The worker ant is moderately wounded.
You block the worker ant's attack.
You closely miss the worker ant.
The worker ant is moderately wounded.
The worker ant closely misses you.
You hit the deep elf mage.
The deep elf mage is lightly wounded.
You barely miss the deep elf mage.
The deep elf mage is lightly wounded.
The deep elf mage hits you but does no damage. x2
You thump the deep elf mage!
The deep elf mage is moderately wounded.
The deep elf mage hits you but does no damage.
Your scale mail prevents you from hitting the deep elf mage.
The deep elf mage is moderately wounded.
The deep elf mage casts a spell at you. The orb of energy hits you!!
Ouch! That really hurt!
You die...

#_______...###########++
##########'##...........
#.?(.')))'.##......#..#
##########.##..........
#...........'...........
+#####÷#####......#..#.
#...#.# #...........
#.)a#.# ####'#####+
#.Zge@# #.......#
##'#### #.......#
#.....# #.......#
#.....# #...<...#
#....... #.......#
#........##.......#
###########.......#
#########


You could see a deep elf mage, a worker ant, a giant cockroach zombie and a
goblin.

Vanquished Creatures
  A gnoll (D)
  An ooze (D)
  An adder skeleton (D)
  A bat zombie (D)
  A ball python (D)
5 creatures vanquished.

Notes
Turn   | Place    | Note
-------+----------+-------------------------------------------
     0 | D        | nuthulu the Gargoyle Fighter began the quest for the Orb.
     0 | D        | Reached XP level 1. HP: 14/14 MP: 1/1
    14 | D        | Reached skill level 4 in Shields
    19 | D        | Found a bloodstained altar of Trog.
    19 | D        | Found a deep blue altar of Sif Muna.
    19 | D        | Found a viscous altar of Jiyva.
    19 | D        | Found a hazy altar of Hepliaklqana.
    19 | D        | Found an opulent altar of Gozag.
    20 | D        | Found a glowing golden altar of the Shining One.
    20 | D        | Found a glowing silver altar of Zin.
    20 | D        | Found a basalt altar of Yredelemnul.
    20 | D        | Found a shimmering altar of Xom.
    20 | D        | Found an ornate altar of the Wu Jian Council.
    20 | D        | Found a sacrificial altar of Ru.
    20 | D        | Found a stormy altar of Qazlal.
    20 | D        | Found an iron altar of Okawaru.
    20 | D        | Found a sparkling altar of Nemelex Xobeh.
    20 | D        | Found a burning altar of Makhleb.
    20 | D        | Found a blossoming altar of Fedhas.
    20 | D        | Found a white marble altar of Elyvilon.
    20 | D        | Found a shadowy altar of Dithmenos.
    20 | D        | Found a snail-covered altar of Cheibriados.
    21 | D        | Found a radiant altar of Vehumet.
    21 | D        | Found a corrupted altar of Lugonu.
    21 | D        | Found a roughly hewn altar of Beogh.
    22 | D        | Found an ancient bone altar of Kikubaaqudgha.
    22 | D        | Found a hide-covered altar of Uskayaw.
    22 | D        | Found a shattered altar of Ashenzari.
    28 | D        | Became a worshipper of Warmaster Okawaru
    73 | D        | Reached XP level 2. HP: 13/19 MP: 2/2
   169 | D        | Reached skill level 5 in Shields
   280 | D        | Noticed a deep elf mage
   294 | D        | Killed from afar by a deep elf mage

Skill      XL: |  1  2 |
---------------+-------+-----
Maces & Flails | 3 4 |  4.2
Shields        | 4 5 |  5.3
Fighting       | |  3.2
Armour         | |  3.2

Action                   || total
-------------------------++-------
Melee: Flail             ||    31
Armor: Scale mail        ||    19
Dodge: Dodged            ||    19
Block: Shield            ||    14
